[Event "Betsys MČR v online bleskovém šachu 2021"]
[Site "Chess.com"]
[Date "2021.04.17"]
[Round "10"]
[White "DrStillestein"]
[Black "DiscoSTU666"]
[Result "1-0"]
[WhiteElo "2105"]
[BlackElo "1878"]
[TimeControl "180+1"]
[EndTime "10:40:39 PDT"]
[Termination "Uživatel DrStillestein zvítězil na čas"]

1. e4 c5 2. Nf3 d6 3. c3 Nf6 4. Be2 Bd7 5. d3 Nc6 6. O-O e5 7. Bg5 g6 8. Nbd2 Bg7 9. Nc4 Qc7 10. Ne3 Be6 11. Bxf6 Bxf6 12. c4 O-O 13. Nd2 Nd4 14. Nb3 Bg7 15. Nxd4 cxd4 16. Nc2 f5 17. f3 fxe4 18.
fxe4 Qe7 19. Qd2 Qh4 20. Rxf8+ Rxf8 21. Rf1 Rxf1+ 22. Bxf1 Bh6 23. Qf2 Qg5 24. Qe1 Qh5 25. Be2 Bg4 26. Bxg4 Qxg4 27. h3 Qh5 28. Qf1 Be3+ 29.
Kh1 Qg5 30. Nb4 Qg3 31. Nd5 Bf4 32. Nxf4 exf4 33. Kg1 Qe3+ 34. Kh1 Qg3 35. Qf3 Kf7 36. Qxg3 fxg3 37. Kg1 Kf6 38. Kf1 Kg5 39. Ke2 Kf4 40.
b3 g5 41. b4 h5 42. a4 g4 43. h4 1-0

[Event "Betsys MČR v online bleskovém šachu 2021"]
[Site "Chess.com"]
[Date "2021.04.17"]
[Round "10"]
[White "elftom"]
[Black "Bavorak15"]
[Result "1-0"]
[WhiteElo "1969"]
[BlackElo "1627"]
[TimeControl "180+1"]
[EndTime "10:40:40 PDT"]
[Termination "Uživatel elftom zvítězil na čas"]

1. c4 Nf6 2. Nc3 g6 3. e4 d6 4.
g3 Bg7 5. Bg2 O-O 6. Nge2 e5 7. d3 Nh5 8. h3 c6 9. O-O f5 10. exf5 Bxf5 11. g4 Qh4 12. gxf5 Rxf5 13. Be3 Nd7 14. Kh2 Raf8 15. Ng3 R5f7 16. Nxh5 gxh5 17.
Qe2 e4 18. Nxe4 Be5+ 19. Ng3 Rg7 20. Kh1 Rxg3 21. fxg3 Qxg3 22. Rxf8+ Nxf8 23. Kg1 Ng6 24. Qf3 Qh2+ 25. Kf2 Nh4 26. Qe4 Qg3+ 27. Kf1 Nxg2 28. Qxg2 1-0

[Event "Betsys MČR v online bleskovém šachu 2021"]
[Site "Chess.com"]
[Date "2021.04.17"]
[Round "10"]
[White "Kokos3"]
[Black "Dan1612"]
[Result "1/2-1/2"]
[WhiteElo "1595"]
[BlackElo "1972"]
[TimeControl "180+1"]
[EndTime "10:40:41 PDT"]
[Termination "Remíza dohodou"]

1. e4 c5 2. Nf3 Nc6 3. d3 d6 4.
Nbd2 Nf6 5. b3 e5 6. Bb2 Be7 7. Be2 O-O 8. O-O Nh5 9. Nc4 Nf4 10. Re1 b5 11. Ne3 Be6 12. Bf1 Nd4 13. Nxd4 cxd4 14.
Nf5 g6 15. Ng3 Qd7 16. c4 bxc4 17. bxc4 h5 18. Ne2 Bg4 19. Qd2 Bg5 20. Nxf4 Bxf4 21.
Qc2 Rab8 22. g3 Bg5 23. Bg2 f5 24. f3 Be3+ 25. Kh1 fxe4 26. fxg4 exd3 27. Qxd3 Rxb2 28. Re2 Rxe2 29. Qxe2 Qxg4 30. Qxg4 hxg4 31. Be4 Kg7 32. Rb1 Rf7 33. Kg2 Rf2+ 34. Kh1 Rxa2 35. Bd5 d3 36. c5 Bxc5 37. Bxa2 e4 38. Bd5 e3 39. Kg2 e2 40.
Bc4 d5 41. Bxd3 a5 42. Bxe2 a4 43. Bb5 a3 44. Bd7 Bd4 45. Bxg4 a2 46. Rd1 Bc3 47. Be6 a1=Q 48. Rxa1 Bxa1 49. Bxd5 Kf6 50. Bf3 g5 51. h4 gxh4 52. gxh4 Kg6 53. Kh3 Kh6 54. h5 Bf6 55. Kg4 Bg5 56. Be4 Bc1 57. Bg6 Ba3 58.
Be8 Bc5 59. Bg6 Ba7 60. Be8 Bb8 61. Bg6 Bc7 62. Be8 1/2-1/2

[Event "Betsys MČR v online bleskovém šachu 2021"]
[Site "Chess.com"]
[Date "2021.04.17"]
[Round "10"]
[White "Paulz64"]
[Black "TerezaRodshtein"]
[Result "1-0"]
[WhiteElo "2477"]
[BlackElo "2175"]
[TimeControl "180+1"]
[EndTime "10:40:43 PDT"]
[Termination "Uživatel Paulz64 zvítězil po vzdání soupeře"]

1. d4 d5 2. c4 c6 3. Nf3 Nf6 4. Qc2 Bg4 5. Ne5 Bh5 6. Qb3 Qb6 7. Qh3 Na6 8. e3 e6 9. g4 Nb4 10. Na3 Bg6 11. Nxg6 fxg6 12. g5 Ne4 13. Qxe6+ Be7 14. f4 Qa5 15. Ke2 Rf8 16. Bg2 Nd6 17. Bd2 Qa4 18.
Rhc1 Rd8 19. cxd5 Nxd5 20. Bxd5 cxd5 21. Rc7 Rd7 22. Rxd7 Qxd7 23. Qxd7+ Kxd7 24. Rc1 Nf5 25. Nb5 Bd8 26. Nxa7 Bb6 27. Nb5 Re8 28. Kd3 Nd6 29. Nc3 Ne4 30. Nxd5 Kd6 31. Nxb6 Nxd2 32. Kxd2 1-0

[Event "Betsys MČR v online bleskovém šachu 2021"]
[Site "Chess.com"]
[Date "2021.04.17"]
[Round "10"]
[White "Johanna94"]
[Black "Miky2610"]
[Result "1-0"]
[WhiteElo "2070"]
[BlackElo "1821"]
[TimeControl "180+1"]
[EndTime "10:40:43 PDT"]
[Termination "Uživatel Johanna94 zvítězil matem"]

1. d4 c6 2. c4 d5 3. Nf3 Nf6 4.
Nc3 e6 5. Bg5 Be7 6. e3 O-O 7.
Qc2 Nbd7 8. Rd1 a6 9. a3 b5 10. c5 a5 11. Bd3 b4 12. Na4 Ba6 13. O-O Bxd3 14. Qxd3 Ne4 15. Bf4 g5 16. Bg3 Nxg3 17.
fxg3 Kh8 18. Rf2 f5 19. Rdf1 Rg8 20. Ne5 Nxe5 21. dxe5 bxa3 22. bxa3 Rb8 23. g4 fxg4 24. Rf7 Rg7 25. Qe2 Qg8 26. Rxg7 Qxg7 27. Qxg4 Qg6 28. Nb6 Bxc5 29. Nd7 Bxe3+ 30. Kh1 Re8 31. Nf6 Rf8 32. Re1 d4 33. Qf3 c5 34. Qc6 Qf5 35. Qxc5 Kg7 36. h3 Qf2 37. Qxa5 d3 38. Rd1 d2 39. Qc7+ Rf7 40. Qc2 Qe2 41. Qxh7+ Kf8 42. Qg8+ Ke7 43. Qe8# 1-0

[Event "Betsys MČR v online bleskovém šachu 2021"]
[Site "Chess.com"]
[Date "2021.04.17"]
[Round "10"]
[White "Pantata007"]
[Black "Lukuluss88"]
[Result "0-1"]
[WhiteElo "2238"]
[BlackElo "2011"]
[TimeControl "180+1"]
[EndTime "10:40:44 PDT"]
[Termination "Uživatel Lukuluss88 zvítězil na čas"]

1. d4 d5 2. c4 Nf6 3. cxd5 Nxd5 4. Nf3 Nc6 5. e4 Nb6 6. d5 Nb8 7. Nc3 e6 8. Bb5+ Bd7 9. dxe6 fxe6 10. O-O a6 11.
Bxd7+ Qxd7 12. Qb3 Bd6 13. e5 Be7 14. Rd1 Qc8 15. Nd4 O-O 16. Nxe6 Rf5 17. Nxc7+ Kh8 18. Qxb6 Nd7 19. Qd4 Bc5 20. Qxd7 Bxf2+ 21. Kh1 Qxd7 22. Rxd7 Bb6 23. Bd2 Raf8 24. h3 h5 25. Ne6 Rf1+ 26. Rxf1 Rxf1+ 27. Kh2 h4 28. g4 Rf2+ 29. Kh1 Rf1+ 30.
Kg2 Rf2+ 31. Kg1 Rxd2+ 32. Kf1 Rxd7 0-1

[Event "Betsys MČR v online bleskovém šachu 2021"]
[Site "Chess.com"]
[Date "2021.04.17"]
[Round "10"]
[White "TCTCGTGCTATG"]
[Black "FBingoPlayer"]
[Result "0-1"]
[WhiteElo "1921"]
[BlackElo "2177"]
[TimeControl "180+1"]
[EndTime "10:40:46 PDT"]
[Termination "Uživatel FBingoPlayer zvítězil matem"]

1. e4 e6 2. d4 d5 3. Nd2 Nf6 4.
e5 Nfd7 5. Bd3 c5 6. c3 Nc6 7.
Ne2 Be7 8. Nf3 h6 9. O-O a6 10. a3 b6 11. Bb1 Bb7 12. Nf4 Qc7 13. Re1 O-O-O 14. b4 c4 15. a4 g5 16. Ne2 g4 17.
Nd2 f6 18. b5 axb5 19. axb5 Na5 20. Nf4 fxe5 21. Nxe6 Qd6 22. Nxd8 Bxd8 23. dxe5 Nxe5 24. Ne4 Qc7 25. Ng3 h5 26. Bf4 Bf6 27. Bf5+ Kb8 28. Qc2 Nf3+ 29. gxf3 Qxf4 30. Re6 Bd8 31. Rae1 h4 32.
Ne2 Qxf3 33. Rg6 d4 34. Rc6 d3 35. Qd2 Nxc6 36. Nf4 Ne7 37. Be4 Bxe4 38. Rxe4 Qxe4 39.
Kf1 Bc7 40. Ng2 h3 41. Ne3 Qh1# 0-1

[Event "Betsys MČR v online bleskovém šachu 2021"]
[Site "Chess.com"]
[Date "2021.04.17"]
[Round "10"]
[White "bezzuton"]
[Black "Bartusman"]
[Result "0-1"]
[WhiteElo "1541"]
[BlackElo "1981"]
[TimeControl "180+1"]
[EndTime "10:40:46 PDT"]
[Termination "Uživatel Bartusman zvítězil po vzdání soupeře"]

1. d4 e6 2. e4 b6 3. Nc3 Bb7 4.
f4 g6 5. Nf3 Bg7 6. g4 Nf6 7.
Bd3 Nxg4 8. h3 Nf6 9. Be3 O-O 10. Qe2 Nc6 11. e5 Nh5 12. Ng5 Ng3 13. Qg2 Nxh1 14. Qxh1 Rb8 15. Be4 Na5 16. Bxb7 Nxb7 17. h4 h5 18.
O-O-O c5 19. d5 Qc8 20. Rg1 Na5 21. f5 exf5 22. Nxf7 Rxf7 23. Rxg6 Kh7 24. Qg2 Nc4 25. Bf4 Nxe5 26. Bxe5 Bxe5 27. Qg5 Bg7 28. Qxh5+ Kg8 29.
Ne2 Qe8 30. Qf3 Qe4 31. Qf2 Re8 32. Rg2 Rfe7 33. Qg3 Kf8 34. h5 Qe3+ 35. Qxe3 Rxe3 0-1

[Event "Betsys MČR v online bleskovém šachu 2021"]
[Site "Chess.com"]
[Date "2021.04.17"]
[Round "10"]
[White "BetsysBetting"]
[Black "Petroniuss"]
[Result "0-1"]
[WhiteElo "1998"]
[BlackElo "2249"]
[TimeControl "180+1"]
[EndTime "10:40:48 PDT"]
[Termination "Uživatel Petroniuss zvítězil matem"]

1. e4 c5 2. Nf3 a6 3. c4 e6 4. Nc3 Nc6 5. d4 cxd4 6. Nxd4 Nf6 7. Be3 Bb4 8. f3 d5 9. Nxc6 bxc6 10. Qa4 Bxc3+ 11. bxc3 Bd7 12. c5 O-O 13. Bf4 e5 14.
Bg5 dxe4 15. fxe4 h6 16. Bh4 g5 17. Bg3 Nh5 18. Be2 Nf4 19. Rd1 Qe7 20. Bxf4 exf4 21. O-O Qxc5+ 22. Kh1 Be6 23. c4 a5 24. g3 Qe3 25.
Bf3 g4 26. Rde1 Qd4 27. Bd1 f3 28. Bb3 Rfd8 29. Qa3 a4 30. Bxa4 Qxc4 31. Qe7 Qxa4 32. Qf6 Qd4 33. e5 Qd2 34. Qh4 Qg2# 0-1

[Event "Betsys MČR v online bleskovém šachu 2021"]
[Site "Chess.com"]
[Date "2021.04.17"]
[Round "10"]
[White "LiborRojar"]
[Black "Adam20032007"]
[Result "1-0"]
[WhiteElo "2074"]
[BlackElo "1800"]
[TimeControl "180+1"]
[EndTime "10:40:48 PDT"]
[Termination "Uživatel LiborRojar zvítězil na čas"]

1. e4 e6 2. d4 d5 3. e5 c5 4. Qg4 cxd4 5. Nf3 Nc6 6. Bd3 Nge7 7. O-O g6 8. Nbd2 Bg7 9. Re1 Bd7 10. Nb3 Qb6 11. Nbxd4 h5 12. Qf4 Rf8 13. Nb5 O-O-O 14.
Nd6+ Kb8 15. Be3 Qc7 16. Nb5 Qa5 17. c3 a6 18. b4 Qa4 19. Nd6 Nc8 20. Nxf7 Be8 21.
Bxg6 Rd7 22. Bc5 Rfxf7 23. Bxf7 Rxf7 24. Qg5 b6 25. Bd4 Qb5 26. Qxh5 Rxf3 27. Qxf3 Nxd4 28.
cxd4 Qxb4 29. Red1 Ne7 30. Rab1 Qc4 31. Qe3 Ka7 32.
Rdc1 Qa4 33. Rc7+ Kb8 34. Rxe7 Bf8 35. Rh7 Bg6 36. Rh8 Bxb1 37. Rxf8+ Kb7 38. Qf3 Qc4 39.
h4 Qc1+ 40. Kh2 Qc2 41. Kg3 Kc6 42. h5 Qh7 43. h6 Qxh6 44. Rf6 Qg7+ 45. Qg4 Qh7 46.
Kf3 Be4+ 47. Kg3 1-0

[Event "Betsys MČR v online bleskovém šachu 2021"]
[Site "Chess.com"]
[Date "2021.04.17"]
[Round "10"]
[White "DavidekIII"]
[Black "YawningBagel"]
[Result "1/2-1/2"]
[WhiteElo "2201"]
[BlackElo "1987"]
[TimeControl "180+1"]
[EndTime "10:40:49 PDT"]
[Termination "Remíza dohodou"]

1. d4 Nf6 2. c4 e6 3. Nc3 d5 4. cxd5 exd5 5. Bg5 Be7 6. e3 O-O 7. Bd3 Nbd7 8. Qc2 c6 9. Nge2 Re8 10. O-O Nf8 11. Rab1 Bg4 12. Ng3 Bd7 13. b4 a6 14.
a4 Ne6 15. Bxf6 Bxf6 16. Bxh7+ Kh8 17. Bd3 b5 18. a5 Qb8 19. Qd1 g6 20. f4 Nxd4 21.
exd4 Bxd4+ 22. Kh1 Bxc3 23. f5 Qd6 24. fxg6 fxg6 25. Qc2 Be5 26. Bxg6 Rg8 27. Bf5 Bxg3 28. Bxd7 Qxd7 29. hxg3 Rxg3 30. Rf4 Qh7+ 31. Qxh7+ Kxh7 32. Rc1 Rg6 33. Re1 Ra7 34. Re8 Kh6 1/2-1/2

[Event "Betsys MČR v online bleskovém šachu 2021"]
[Site "Chess.com"]
[Date "2021.04.17"]
[Round "10"]
[White "Soural_J"]
[Black "tudlenudle"]
[Result "1-0"]
[WhiteElo "2201"]
[BlackElo "1950"]
[TimeControl "180+1"]
[EndTime "10:40:51 PDT"]
[Termination "Uživatel Soural_J zvítězil na čas"]

1. Nf3 Nf6 2. c4 e6 3. g3 d5 4. Bg2 Be7 5. O-O O-O 6. d4 dxc4 7. Ne5 Nc6 8. Bxc6 bxc6 9. Nxc6 Qe8 10. Nxe7+ Qxe7 11. Na3 e5 12. dxe5 Qxe5 13. Nxc4 Qh5 14. Ne3 Bb7 15.
f3 Rfe8 16. Rf2 Rad8 17. Qc2 Nd5 18. Nxd5 Rxd5 19. Bf4 Rc5 20. Qa4 Bc6 21. Qb3 Bd5 22. Qd3 Bc4 23. Qd4 Qd5 24. Qxd5 Rxd5 25. e4 Rc5 26.
Rc1 g5 27. Be3 Rc6 28. Rfc2 Ra6 29. Rxc4 Rxa2 30. R1c2 h6 31. Rxc7 a5 32. Ra7 Rd8 33. Rd2 Rc8 34. Kf2 Kg7 35. Bd4+ Kg6 36. f4 gxf4 37. gxf4 a4 38. Kf3 1-0

[Event "Betsys MČR v online bleskovém šachu 2021"]
[Site "Chess.com"]
[Date "2021.04.17"]
[Round "10"]
[White "SajdlJosef"]
[Black "FrantisekP"]
[Result "0-1"]
[WhiteElo "1812"]
[BlackElo "1647"]
[TimeControl "180+1"]
[EndTime "10:40:51 PDT"]
[Termination "Uživatel FrantisekP zvítězil na čas"]

1. d4 Nf6 2. Nf3 g6 3. Bf4 d6 4. e3 Bg7 5. Nbd2 O-O 6. Bc4 Nbd7 7. O-O Nh5 8. Bg5 h6 9. Bh4 g5 10. Ne1 gxh4 11. Qxh5 h3 12. g3 Nf6 13. Qh4 a6 14. a4 Qd7 15. Ne4 Qg4 16. Nxf6+ Bxf6 17. Qxg4+ Bxg4 18. f3 Bd7 19. c3 b5 20. Bb3 e5 21.
Nd3 exd4 22. exd4 Bf5 23. Nf4 c6 24. Rfe1 Rfe8 25. Kf2 Bg5 26. Nh5 Bg6 27. Nf4 Bxf4 28.
gxf4 Kf8 29. axb5 axb5 30. Rxa8 Rxa8 31. Re2 Ra1 32. Bc2 Rh1 33. Kg3 Rg1+ 34. Kxh3 Bxc2 35.
Rxc2 Rf1 36. Kg2 Rb1 0-1

[Event "Betsys MČR v online bleskovém šachu 2021"]
[Site "Chess.com"]
[Date "2021.04.17"]
[Round "10"]
[White "Molefancier"]
[Black "Fafin1"]
[Result "0-1"]
[WhiteElo "1072"]
[BlackElo "1392"]
[TimeControl "180+1"]
[EndTime "10:40:51 PDT"]
[Termination "Uživatel Fafin1 zvítězil na čas"]

1. e4 e5 2. Nf3 d6 3. c3 Bg4 4. Be2 Nf6 5. d4 exd4 6. cxd4 Nbd7 7. Nc3 h6 8. O-O Be7 9. h3 Bh5 10. Nh4 Bxe2 11. Qxe2 O-O 12. Nf5 Re8 13. Nd5 Nxd5 14. exd5 Bf6 15. Bxh6 Rxe2 16. Be3 Rxb2 17. Rae1 Rxa2 18.
Bc1 g6 19. Nh6+ Kh7 20. Re4 Bg7 21. Nxf7 Qf6 22. Ng5+ Kg8 23. Rh4 Re8 24. Nh7 Qf5 25.
Ng5 Qxd5 26. Rd1 Bf6 27. Rg4 Bxg5 28. Rxg5 Qf7 29. Be3 Kg7 30. Rf1 Nf6 31. h4 Ne4 32. Rg4 Qf5 33. Rf4 Qd5 34. h5 gxh5 35. Rh4 Kg6 36.
Rh3 Rf8 37. f3 Ng5 38. Bxg5 Kxg5 0-1

[Event "Betsys MČR v online bleskovém šachu 2021"]
[Site "Chess.com"]
[Date "2021.04.17"]
[Round "10"]
[White "Gicko13"]
[Black "OlifantCZ"]
[Result "1-0"]
[WhiteElo "2139"]
[BlackElo "2278"]
[TimeControl "180+1"]
[EndTime "10:40:53 PDT"]
[Termination "Uživatel Gicko13 zvítězil po vzdání soupeře"]

1. e4 e6 2. d4 d5 3. e5 c5 4. c3 Nc6 5. Nf3 Bd7 6. a3 f6 7. Bd3 c4 8. Bc2 Qc7 9. Qe2 O-O-O 10. Nbd2 fxe5 11. Nxe5 Nxe5 12. dxe5 Ne7 13. Nf3 Nc6 14. O-O Be7 15. Re1 g5 16. Bxg5 Rdg8 17. Bxe7 Nxe7 18. Nd4 Nc6 19. Rad1 Nxd4 20. Rxd4 Qd8 21. Qe3 h5 22. b3 cxb3 23. Bxb3 Qf8 24. c4 Qg7 25. g3 h4 26. cxd5 hxg3 27. fxg3 Qh7 28.
Re2 Kb8 29. Bc2 Qe7 30. d6 Qd8 31. Be4 Rh5 32. Bf3 Rhg5 33. Rb4 b6 34. Qe4 Rxg3+ 35. hxg3 Rxg3+ 36. Rg2 Rxf3 37. Qxf3 Qe8 38. Rf4 Bc6 39. Rf8 1-0

[Event "Betsys MČR v online bleskovém šachu 2021"]
[Site "Chess.com"]
[Date "2021.04.17"]
[Round "10"]
[White "Nevimjakhrat"]
[Black "Alesbar"]
[Result "0-1"]
[WhiteElo "1437"]
[BlackElo "1615"]
[TimeControl "180+1"]
[EndTime "10:40:54 PDT"]
[Termination "Uživatel Alesbar zvítězil na čas"]

1. c4 Nf6 2. Nc3 g6 3. g3 Bg7 4. Bg2 c6 5. e4 e5 6. Nge2 O-O 7. O-O d6 8. h3 Be6 9. d3 Qd7 10. Kh2 a6 11. a4 Qc7 12. Be3 Nbd7 13. Qd2 Ne8 14.
Bh6 f5 15. Bxg7 Kxg7 16. f4 Qd8 17. exf5 Bxf5 18. g4 Be6 19. Ne4 d5 20. cxd5 Bxd5 21. N2g3 Qc7 22. f5 Nef6 23. fxg6 hxg6 24. Rac1 Qb6 25.
Qc2 Qd4 26. Nxf6 Rxf6 27. Rxf6 Nxf6 28. Bxd5 Nxd5 29. Ne4 Rf8 30. Kh1 Nf4 31. Nc5 b6 32. Nxa6 Qxd3 33. Qxd3 Nxd3 34. Rd1 Nxb2 35. Rd2 Nxa4 36.
Nc7 Nc5 37. Kg2 Rf7 0-1

[Event "Betsys MČR v online bleskovém šachu 2021"]
[Site "Chess.com"]
[Date "2021.04.17"]
[Round "10"]
[White "Toman_26"]
[Black "dzerenyss"]
[Result "1-0"]
[WhiteElo "990"]
[BlackElo "986"]
[TimeControl "180+1"]
[EndTime "10:40:54 PDT"]
[Termination "Uživatel Toman_26 zvítězil matem"]

1. e4 c5 2. d3 d6 3. Nd2 Nf6 4. g3 Nc6 5. Bg2 e6 6. Ngf3 Be7 7. O-O O-O 8. Re1 Bd7 9. Nf1 d5 10. e5 Ng4 11. h3 Nh6 12. N1h2 Qc7 13. Bf4 Nf5 14.
g4 Nfd4 15. Nxd4 Nxd4 16. Bg3 Bg5 17. f4 Be7 18. Nf3 Nxf3+ 19. Bxf3 Qb6 20. b3 c4+ 21. Bf2 Bc5 22. Bxc5 Qxc5+ 23. Kh2 cxd3 24. Qxd3 Rac8 25. c4 Rfd8 26. cxd5 exd5 27. Qxd5 Qc2+ 28. Re2 Qc3 29.
Qxb7 Qxa1 30. Qxa7 Rc1 31. a4 Bxg4 32. Bxg4 f5 33.
Bxf5 Rdd1 34. Qb8+ Kf7 35. e6+ Ke7 36. Qb7+ Kd6 37. Qd7+ Kc5 38. Qb5+ Kd4 39. e7 Rh1+ 40. Kg3 Rcg1+ 41. Kh4 Qc3 42. Re4# 1-0

[Event "Betsys MČR v online bleskovém šachu 2021"]
[Site "Chess.com"]
[Date "2021.04.17"]
[Round "10"]
[White "jachym08"]
[Black "HCMotorCB"]
[Result "0-1"]
[WhiteElo "2245"]
[BlackElo "2391"]
[TimeControl "180+1"]
[EndTime "10:40:55 PDT"]
[Termination "Uživatel HCMotorCB zvítězil po vzdání soupeře"]

1. d4 d5 2. c4 c6 3. Nc3 Nf6 4. Nf3 e6 5. e3 Nbd7 6. Qc2 Bd6 7. b3 O-O 8. Be2 Qe7 9. Bb2 e5 10. cxd5 Nxd5 11. Nxd5 cxd5 12. dxe5 Nxe5 13. O-O Ng6 14.
Rfd1 Be6 15. Qc3 f6 16. Rac1 Rac8 17. Qa5 b6 18. Qd2 Bb4 19. Qd3 Bc5 20. Bf1 Rfd8 21. Nd4 Ne5 22. Qa6 Bg4 23. Be2 Bxd4 24. Bxd4 Rxc1 25.
Rxc1 Bxe2 26. Qxe2 Qd7 27. Qc2 h6 28. Qc7 Nd3 29.
Rc3 Nb4 30. a3 Na6 31. Qxd7 Rxd7 32. Rc8+ Kf7 33. b4 Rc7 34. Rxc7+ Nxc7 35. a4 Ke6 36. f3 Kd6 37. Kf2 Kc6 38. Ke2 Ne6 39. Bb2 a5 40. b5+ Kc5 41. Kd3 Kb4 42. Bd4 Nxd4 43. Kxd4 Kxa4 44. Kxd5 Kxb5 45. e4 a4 46. f4 a3 47. e5 fxe5 48. fxe5 a2 49. e6 a1=Q 50.
e7 Qd1+ 51. Ke6 Qe2+ 0-1

[Event "Betsys MČR v online bleskovém šachu 2021"]
[Site "Chess.com"]
[Date "2021.04.17"]
[Round "10"]
[White "Jakuboss22005"]
[Black "fortale"]
[Result "1-0"]
[WhiteElo "2083"]
[BlackElo "2299"]
[TimeControl "180+1"]
[EndTime "10:40:55 PDT"]
[Termination "Uživatel Jakuboss22005 zvítězil po vzdání soupeře"]

1. b3 Nf6 2. Bb2 g6 3. Nf3 Bg7 4.
g3 d6 5. Bg2 O-O 6. O-O c6 7.
c4 Qa5 8. d3 Qh5 9. Nbd2 Bh3 10. e3 Nbd7 11. Nh4 Qxd1 12. Raxd1 Bxg2 13. Nxg2 a5 14. a3 Nc5 15. d4 Nce4 16. Nxe4 Nxe4 17. f3 Ng5 18. Kf2 Rfc8 19. Nf4 b5 20. cxb5 cxb5 21.
Rc1 Kf8 22. Nd5 Rab8 23. Nf4 Ke8 24. h4 Ne6 25. Nxe6 fxe6 26. Ke2 Kd7 27. Kd3 Rxc1 28.
Rxc1 Rf8 29. Ke2 h6 30. Rh1 Rc8 31. Rc1 Rxc1 32. Bxc1 Kc6 33. Bd2 a4 34. bxa4 bxa4 35. Kd3 Kb5 36. Bc3 Bf6 37. Bb2 g5 38. h5 Bg7 39. g4 Bf6 40. Bc3 e5 41. dxe5 Bxe5 42.
Bxe5 dxe5 43. Ke4 Kc4 44. Kxe5 Kb3 45. f4 gxf4 46. exf4 Kxa3 47. g5 hxg5 48. fxg5 Kb3 49. g6 a3 50. g7 a2 51. g8=Q+ Kb2 52. Qxa2+ Kxa2 53. h6 1-0

[Event "Betsys MČR v online bleskovém šachu 2021"]
[Site "Chess.com"]
[Date "2021.04.17"]
[Round "10"]
[White "tryskomys"]
[Black "Vitana"]
[Result "1-0"]
[WhiteElo "1581"]
[BlackElo "1719"]
[TimeControl "180+1"]
[EndTime "10:40:56 PDT"]
[Termination "Uživatel tryskomys zvítězil po vzdání soupeře"]

1. e4 e6 2. d4 d5 3. e5 c5 4. c3 Nc6 5. Nf3 Bd7 6. Bd3 Qb6 7. O-O cxd4 8. cxd4 Nxd4 9. Nxd4 Qxd4 10. Nc3 Qxe5 11.
Re1 Qd6 12. Nb5 Qb6 13. Be3 Qd8 14. Rc1 Rc8 15. Rxc8 Qxc8 16. Nxa7 Qa8 17. Bb5 Bxb5 18. Nxb5 Qd8 19. Bf4 Be7 20. Nc7+ Kf8 21. a4 Nf6 22. Rxe6 g6 23. Re1 Bd6 24. Bxd6+ Qxd6 25. Nb5 Qb4 26. h3 Kg7 27. Nd4 Qxb2 28. Re7 Ne4 29. Qf3 Rf8 30.
Ne6+ Kg8 31. Nxf8 Qc1+ 32. Kh2 Ng5 33. Qf6 Kxf8 34. Rxb7 Qc8 35. Qe7+ Kg8 36. Rd7 h6 37. Rd8+ Qxd8 38. Qxd8+ Kg7 39. Qxd5 Ne4 40. a5 Nf6 41. Qe5 g5 42. a6 Kg6 43. Qxf6+ Kxf6 44. a7 Kg6 45.
a8=Q 1-0

[Event "Betsys MČR v online bleskovém šachu 2021"]
[Site "Chess.com"]
[Date "2021.04.17"]
[Round "10"]
[White "florenc1330"]
[Black "Loveforever_Pepi"]
[Result "1-0"]
[WhiteElo "2121"]
[BlackElo "2266"]
[TimeControl "180+1"]
[EndTime "10:40:57 PDT"]
[Termination "Uživatel florenc1330 zvítězil na čas"]

1. c4 e6 2. g3 d5 3. Bg2 Nf6 4. Nf3 Be7 5. O-O O-O 6. d3 c5 7.
Nc3 Nc6 8. a3 d4 9. Ne4 Nxe4 10.
dxe4 a5 11. Rb1 e5 12. e3 Be6 13. b4 Bxc4 14. bxc5 Bxf1 15. Qxf1 Bxc5 16. exd4 Nxd4 17. Nxe5 Qe7 18. Nd3 Bxa3 19. Be3 Nc6 20. Nf4 Bb4 21. Nd5 Qd8 22. Qb5 Qd7 23. Nb6 Qe7 24. Nxa8 Rxa8 25. h3 h6 26. Qb6 Ra6 27. Qb5 Qc7 28. Bf4 Qe7 29. e5 Nd4 30. Qxb7 Qxb7 31. Bxb7 Ra7 32. Bd5 Ne2+ 33. Kg2 Nxf4+ 34. gxf4 Kf8 35. f5 Ke7 36. Bc6 Bc3 37. f4 a4 38. Bd5 a3 39.
Ba2 Bb2 40. Kf3 Rc7 41. Ke4 Rc3 42. Rd1 Rxh3 43. f6+ gxf6 44. exf6+ Bxf6 45. Rc1 Rh2 46. Rc7+ Kd8 47. Rxf7 Rxa2 48. Rxf6 Re2+ 49. Kf5 a2 50. Ra6 Ke7 51. Kg6 1-0

[Event "Betsys MČR v online bleskovém šachu 2021"]
[Site "Chess.com"]
[Date "2021.04.17"]
[Round "10"]
[White "Clockwork7orange"]
[Black "kecalk"]
[Result "1-0"]
[WhiteElo "2322"]
[BlackElo "2140"]
[TimeControl "180+1"]
[EndTime "10:41:00 PDT"]
[Termination "Uživatel Clockwork7orange zvítězil na čas"]

1. Nc3 e5 2. e4 Nf6 3. Nf3 Nc6 4. a3 d5 5. Bb5 d4 6. Ne2 Nxe4 7. O-O Bd6 8. Bxc6+ bxc6 9. Nexd4 O-O 10. Nxc6 Qe8 11. Nb4 Bg4 12. h3 Bh5 13. d3 Nc5 14.
Re1 a5 15. Na2 Ne6 16. g4 Bg6 17. Nxe5 f5 18. Nxg6 Qxg6 19. Nc3 h5 20. g5 Nxg5 21. Bxg5 Qxg5+ 22. Kf1 Rae8 23. Rxe8 Rxe8 24. Qf3 Bh2 25. Qg2 Qd2 26. Qxh2 Qxc2 27. Qxc7 Qxd3+ 28. Kg1 Re6 29. Kh2 Qf3 30. Rg1 g6 31. Qc8+ Kf7 32. Qd7+ Kf6 33. Qd4+ Kf7 34. Rg3 Qc6 35. Re3 Rxe3 36. Qxe3 1-0

[Event "Betsys MČR v online bleskovém šachu 2021"]
[Site "Chess.com"]
[Date "2021.04.17"]
[Round "10"]
[White "HonzaRubes95"]
[Black "Mikulas19"]
[Result "1-0"]
[WhiteElo "2462"]
[BlackElo "1896"]
[TimeControl "180+1"]
[EndTime "10:41:00 PDT"]
[Termination "Uživatel HonzaRubes95 zvítězil na čas"]

1. e4 e5 2. Nf3 Nf6 3. Nc3 Nc6 4.
Bb5 Bb4 5. O-O d6 6. d3 O-O 7.
Ne2 h6 8. c3 Bc5 9. Ng3 Bd7 10.
h3 Ne7 11. Bc4 c6 12. d4 exd4 13. cxd4 Bb6 14. Bd3 Ng6 15. Re1 Re8 16. Qb3 Qc7 17.
e5 dxe5 18. Bxg6 Be6 19. Qc2 fxg6 20. dxe5 Bd5 21. Qxg6 Bxf3 22. gxf3 Rxe5 23. Bxh6 Rae8 24. Rxe5 Rxe5 25. Bf4 Nd5 26. Bxe5 Qxe5 27. Rd1 Qxb2 28. Ne4 Nf4 29. Qe8+ Kh7 30. h4 Qe2 31. Ng5+ Kh6 32. Qxe2 Nxe2+ 33. Kg2 Nf4+ 34. Kf1 Nd5 35. Re1 Kh5 36.
Ne6 g6 37. Re4 Nf6 38. Rb4 Nd5 39. Ra4 Nf6 40. Kg2 Nd5 41. Nf4+ Nxf4+ 42. Rxf4 1-0

[Event "Betsys MČR v online bleskovém šachu 2021"]
[Site "Chess.com"]
[Date "2021.04.17"]
[Round "10"]
[White "Stalri"]
[Black "zdenav"]
[Result "1-0"]
[WhiteElo "2206"]
[BlackElo "1858"]
[TimeControl "180+1"]
[EndTime "10:41:01 PDT"]
[Termination "Uživatel Stalri zvítězil na čas"]

1. d4 d5 2. c4 e6 3. Nc3 Nf6 4. cxd5 exd5 5. Bg5 c6 6. e3 Be7 7. Bd3 O-O 8. Qc2 Nbd7 9. Nf3 Re8 10. h3 Nf8 11. Bf4 Ng6 12. Bh2 Bd6 13. Bxd6 Qxd6 14. O-O-O b5 15. g4 a5 16. g5 Nh5 17. Kb1 Nf8 18.
Ne5 g6 19. f4 Ng7 20. h4 Bf5 21. Ne2 Bxd3 22. Rxd3 Rac8 23. Ng3 f6 24. Ng4 Nd7 25. h5 f5 26. Ne5 Nxe5 27. dxe5 Qe7 28. hxg6 hxg6 29.
Rd2 Kf7 30. Rdh2 Qb4 31. Rh7 Qc4 32. Qh2 Rg8 33. Ka1 Qc5 34. Nxf5 gxf5 35. Qh5+ Kf8 36. Qg6 Qe7 37. Rh8 Qe6 38. Qh7 1-0

[Event "Betsys MČR v online bleskovém šachu 2021"]
[Site "Chess.com"]
[Date "2021.04.17"]
[Round "10"]
[White "CZpeeeter"]
[Black "Honzik1950"]
[Result "1-0"]
[WhiteElo "1705"]
[BlackElo "1507"]
[TimeControl "180+1"]
[EndTime "10:41:01 PDT"]
[Termination "Uživatel CZpeeeter zvítězil na čas"]

1. d4 a6 2. Nf3 b5 3. e4 e6 4. Bd3 Nf6 5. O-O Bb7 6. Nbd2 Be7 7. b3 d6 8. Bb2 c5 9. c4 bxc4 10. bxc4 cxd4 11. Nxd4 Nc6 12. Qa4 Qc7 13. Bc3 O-O 14. Rab1 Nxd4 15. Bxd4 Bc6 16. Qc2 Rfb8 17. Qc3 e5 18. Be3 Ng4 19. Be2 Nxe3 20. Qxe3 Rxb1 21. Rxb1 Rb8 22. Rb3 Rxb3 23. axb3 Qb7 24. f4 h6 25. fxe5 dxe5 26. Bf3 Bg5 27. Qd3 Bxd2 28. Qd8+ Kh7 29. Qxd2 Qxb3 30. Qe2 Qc3 31. g3 Qd4+ 32. Kg2 f5 33.
exf5 Bxf3+ 34. Kxf3 a5 35. h3 a4 36. Qc2 e4+ 37. Kf4 Qd3 38. Qxa4 Qf3+ 39. Ke5 Qxg3+ 40. Kxe4 Qxh3 41. Qe8 Qg4+ 42. Kd5 1-0